 Dungeon Sprint DCSS version 0.28-a0-851-g8b9cc49659 (webtiles) character file.

Game seed: 15614188602164092626

9 xpp the Covert (level 2, -11/17 HPs)
             Began as an Octopode Conjurer on Nov 14, 2021.
             Was a Follower of Cheibriados.
             Mangled by a draconian (13 damage)
             ... in the Dungeon (Sprint V: "Ziggurat Sprint").
             The game lasted 00:03:10 (94 turns).

xpp the Covert (Octopode Conjurer)                    Turns: 94, Time: 00:03:10

Health: -11/17     AC:  1    Str: 26    XL:     2   Next: 12%
Magic:  5/5        EV: 13    Int: 34    God:    Cheibriados [*.....]
Gold:   0          SH:  8    Dex: 24    Spells: 4/5 levels left

rFire   . . .      SeeInvis .   B - +5 quick blade
rCold   . . .      Faith    .   C - +3 buckler
rNeg    . . .      Spirit   .   (helmet restricted)
rPois   .          Reflect  .   (no amulet)
rElec   .          Harm     .   r - +6 ring of dexterity
rCorr   .          Rampage  .   q - ring of flight
Will    .....      NoTele   +   s - +6 ring of dexterity
Stlth   +++++++...              t - +6 ring of intelligence
HPRegen 0.05/turn               u - +6 ring of intelligence
MPRegen 0.09/turn               v - +6 ring of strength
                                w - +6 ring of strength
                                j - ring of the Briny Deep {Str+6 Stlth+}

@: flying, invisible, very slow
A: almost no armour, amphibious, 8 rings, camouflage 1, gelatinous body 1,
(nimble swimmer 1), tentacles
a: Renounce Religion, Bend Time


You were in the Dungeon.
You worshipped Cheibriados.
Cheibriados was aware of your devotion.
You visited 1 branch

Inventory:

Hand Weapons
 B - a +5 quick blade (weapon)
Armour
 C - a +3 buckler (worn)
Jewellery
 j - the ring of the Briny Deep (on tentacle) {Str+6 Stlth+}
   (You found it in the Dungeon)

   [ring of strength]

   Str:       It affects your strength (+6).
   Stlth:     It makes you more stealthy.
 q - a ring of flight (right tentacle)
 r - a +6 ring of dexterity (left tentacle)
 s - a +6 ring of dexterity (on tentacle)
 t - a +6 ring of intelligence (on tentacle)
 u - a +6 ring of intelligence (on tentacle)
 v - a +6 ring of strength (on tentacle)
 w - a +6 ring of strength (on tentacle)
Wands
 x - a wand of mindburst (7)
 y - a wand of iceblast (7)
 z - a wand of acid (7)
Scrolls
 f - 4 scrolls of blinking
 l - 4 scrolls of amnesia
 m - 7 scrolls of fog
 n - a scroll of holy word
 o - 5 scrolls of identify
 p - 2 scrolls of fear
Potions
 a - 10 potions of curing
 b - 9 potions of heal wounds
 c - 6 potions of haste
 d - 7 potions of magic
 e - 3 potions of berserk rage
 g - 2 potions of brilliance
 h - a potion of invisibility
 i - 4 potions of resistance
 k - 5 potions of might
Miscellaneous
 A - a lightning rod (4/4)


   Skills:
 + Level 2.0 Dodging
 * Level 11.0 Stealth
 - Level 2.0 Spellcasting
 - Level 4.0 Conjurations


You had 4 spell levels left.
You knew the following spells:

 Your Spells              Type           Power      Damage    Failure   Level
a - Magic Dart            Conj           100%       1d8       1%          1

Your spell library contained the following spells:

 Spells                   Type           Power      Damage    Failure   Level
 Searing Ray              Conj           60%        2d6       3%          2
 Dazzling Flash           Conj/Hex       34%        N/A       13%         3
 Fulminant Prism          Conj/Hex       8%         3d7       41%         4
 Iskenderun's Mystic Bla  Conj/Tloc      17%        2d5       41%         4


Dungeon Overview and Level Annotations

Branches:
Dungeon (1/1)

Altars:
Ashenzari
Cheibriados
Dithmenos
Elyvilon
Fedhas
Gozag
Hepliaklqana
Kikubaaqudgha
Makhleb
Nemelex Xobeh
Okawaru
Qazlal
Ru
Sif Muna
Trog
Uskayaw
Vehumet
Wu Jian
Xom
Yredelemnul
Zin
The Shining One
Beogh
Jiyva
Lugonu

Annotations:
D 1 transporter


Innate Abilities, Weirdness & Mutations

You cannot wear most types of armour.
You are amphibious.
You can wear up to eight rings at the same time.
Your skin changes colour to match your surroundings (Stealth+).
Your rubbery body absorbs attacks. (AC +1, EV +1)
((You are camouflaged near water. (Stealth+)))
You have tentacles for arms and can constrict up to eight enemies at once.


Message History

The ball python barely misses you.
You barely miss the ball python. Your grab misses the ball python.
The ball python bites you. The ball python constricts you.
The ball python bites you.
You hit the ball python. You grab the ball python. You squeeze the ball python.
You kill the ball python!
Cheibriados thoroughly appreciates the change of pace.
The ball python loses its grip on you.
Your Stealth skill increases to level 11!
You hit the ball python. You grab the ball python. You squeeze the ball python.
You kill the ball python!
Cheibriados appreciates the change of pace.
Cheibriados is now slowing the effects of poison on you.
Cheibriados raises the support of your attributes as your movement slows.
j - the ring of the Briny Deep {Str+6 Stlth+} You see here a ball python corpse.
Okay, then.
You feel stronger.
j - the ring of the Briny Deep (on tentacle) {Str+6 Stlth+}
There is a transporter here.
Welcome to arena 2.
You enter the transporter and appear at another place. 3 draconians come into view.
Found three items.
Found a transporter.
The draconian hits you with a +0 dagger.
The draconian roars! x2
You strike the helpless draconian from behind!
You puncture the draconian! Your grab misses the draconian.
You squeeze the draconian.
The draconian is moderately wounded.
The draconian hits you with a +0 dagger.
* * * LOW HITPOINT WARNING * * *
The draconian closely misses you. x2
You feel much better. You block the draconian's attack.
The draconian hits you with a +0 dagger!
Ouch! That really hurt!
* * * LOW HITPOINT WARNING * * *
The draconian hits you with a +0 flail!
Ouch! That really hurt!
You die...

▓▓▓▓▓▓▓▓▓▓▓▓▓
▓.8©8.▓.8©8.▓
▓.|):.▓.....▓
▓..dd.▓.|.†.▓
▓..d..▓.....▓
▓...@.▓.....▓
▓.....▓..©..▓
▓..©..▓▓▓▓▓▓▓
▓▓▓▓▓▓▓


You could see 3 draconians.

Vanquished Creatures
  2 ball pythons (D)
2 creatures vanquished.

Notes
Turn   | Place    | Note
-------+----------+-------------------------------------------
     0 | D        | xpp the Octopode Conjurer began the quest for the Orb.
     0 | D        | Reached XP level 1. HP: 11/11 MP: 3/3
     0 | D        | Found a shimmering blue altar of Sif Muna.
     0 | D        | Found a sacrificial altar of Ru.
     0 | D        | Found a bloodstained altar of Trog.
     0 | D        | Found a stormy altar of Qazlal.
     0 | D        | Found an iron altar of Okawaru.
     0 | D        | Found a sparkling altar of Nemelex Xobeh.
     0 | D        | Found a blossoming altar of Fedhas.
     0 | D        | Found the +6 Majin-Bo {vamp, MP+6 Int+6}
     0 | D        | Found the +9 heavy crossbow "Sniper" {vorpal, Acc+∞ SInv}
     0 | D        | Found the +10 dark maul {vorpal}
     0 | D        | Found the +15 Maxwell's patent armour {-Cast -Tele rElec
                  | Will+ rCorr}
     0 | D        | Found the +18 shield of the Gong {rElec rN+ Will+ EV-5}
     0 | D        | Found the +14 obsidian axe {vorpal, Mesm Drain Fly SInv}
     0 | D        | Found the +7 great mace "Firestarter" {inner flame, rF++}
     0 | D        | Found the +6 shillelagh "Devastator" {shatter}
     0 | D        | Found the +11 plutonium sword {Contam Stlth-}
     0 | D        | Found the +8 lance "Wyrmbane" {slay drac, rPois rF+ rC+
                  | AC+3}
     0 | D        | Found the +9 sword of Zonguldrok {reap}
     0 | D        | Found the +13 scythe of Curses {drain, Drain}
     0 | D        | Found the +5 sword of Power {vorpal}
     0 | D        | Found the +7 mace of Variability {chain chaos}
     0 | D        | Found the +7 Singing Sword {vorpal, sonic wave}
     0 | D        | Found the +8 storm bow {elec, penet}
     2 | D        | Found a transporter.
     2 | D        | Found an ancient bone altar of Kikubaaqudgha.
     2 | D        | Found a viscous altar of Jiyva.
     2 | D        | Found a corrupted altar of Lugonu.
     2 | D        | Found a hazy altar of Hepliaklqana.
     2 | D        | Found a burning altar of Makhleb.
     2 | D        | Found an opulent altar of Gozag.
    65 | D        | Became a worshipper of Cheibriados the Contemplative
    71 | D        | Reached skill level 10 in Stealth
    71 | D        | Reached XP level 2. HP: 17/17 MP: 5/5
    74 | D        | Entered arena 2.
    74 | D        | Found a transporter.
    80 | D        | Reached skill level 11 in Stealth
    80 | D        | Reached * piety under Cheibriados
    82 | D        | Got the ring of the Briny Deep {Str+6 Stlth+}
    86 | D        | Entered arena 3.
    86 | D        | Noticed a draconian
    86 | D        | Noticed a draconian
    86 | D        | Noticed a draconian
    86 | D        | Found a transporter.
    94 | D        | Mangled by a draconian

Illustrated notes

Levels and vault maps discovered:
D:        sprint_v [room_start, room_1, room_2, room_3, room_4, room_5, room_6,
          room_7, room_8, room_9, room_10, room_11, room_12, room_13, room_14,
          room_15, room_16, room_17, room_18, room_19, room_20, room_21,
          room_22, room_23, room_24, room_25, room_26, room_27]

Skill      XL: |  1  2 |
---------------+-------+-----
Stealth        | 10 11 | 11.0
Dodging        | |  2.0
Spellcasting   | |  2.0
Conjurations   | |  4.0

Action                   || total
-------------------------++-------
Melee: Quick blade       ||     4
       Tentacles         ||     3
       Constrict         ||     2
  Use: Potion            ||     3
 Stab: Invisible         ||     1
Dodge: Dodged            ||     6
Block: Buckler           ||     3

Table legend: (Time is in decaauts)
 A = Elapsed time spent in this place.
 B = Non-inter-level travel time spent in this place.
 C = Inter-level travel time spent in this place.
 D = Time resting spent in this place.
 E = Time spent auto-exploring this place.
 F = Levels seen in this place.
 G = Mean time per level.
                   A        B        C        D        E       F      G
               +--------+--------+--------+--------+--------+-----+--------+
         Total |     93 |     93 |      0 |      0 |      5 |   1 |   93.0 |
       Dungeon |     93 |     93 |      0 |      0 |      5 |   1 |   93.0 |
               +--------+--------+--------+--------+--------+-----+--------+

Top non-repeatable levels by time:
       D: 93 daAuts
